[ AOE2 MATCH · #506720227 ]
UnrankedPortuguese vs Armenians
Rival team · LOSS
[ REPLAY ANALYSIS · EXTRACTED FROM THE RECORDED GAME ]
Feudal
9:50
Castle
21:00
Imperial
—
| APM avg | 77.6 |
| APM peak | 109 |
| eAPM avg | 21.8 |
| Villagers / military | 57 / 32 |
Focus
⚔️ 38.2% · 🌾 61.8%
Archer ×32
Feudal
9:53
Castle
16:33
Imperial
—
| APM avg | 50.4 |
| APM peak | 79 |
| eAPM avg | 21.5 |
| Villagers / military | 33 / 8 |
Focus
⚔️ 21.4% · 🌾 78.6%
Composite Bowman ×8
Match map
Initial resources + every placement click. Lines = walls · curves = elevation contours. ◆ gold · ⬟ stone · ● berries · ✦ relic · ◌ wall gap
Your base· Open — 3t gap
Samara's base· Open — 3t gap
Smoothed initial terrain · ◌ = detected wall gap · hover for details
Inputs per minute
— KryptixXL - - Samara
Build order — KryptixXL
139 actions detected in the replay
| 0:01 | Queue | Villager (Male) ×4 |
| 0:02 | Build | House |
| 0:03 | Build | House |
| 1:09 | Queue | Villager (Male) |
| 1:09 | Queue | Villager (Male) |
| 1:43 | Queue | Villager (Male) |
| 1:45 | Build | Lumber Camp |
| 2:10 | Queue | Villager (Male) |
| 2:10 | Queue | Villager (Male) |
| 2:59 | Queue | Villager (Male) |
| 3:03 | Queue | Villager (Male) |
| 3:27 | Queue | Villager (Male) |
| 3:27 | Queue | Villager (Male) |
| 3:51 | Build | House |
| 3:52 | Build | House |
| 3:57 | Queue | Villager (Male) |
| 3:57 | Queue | Villager (Male) |
| 4:16 | Queue | Villager (Male) |
| 4:17 | Queue | Villager (Male) |
| 4:28 | Queue | Villager (Male) |
| 4:53 | Queue | Villager (Male) |
| 5:06 | Queue | Villager (Male) |
| 5:14 | Build | Mill |
| 5:48 | Queue | Villager (Male) |
| 5:48 | Queue | Villager (Male) |
| 5:49 | Queue | Villager (Male) |
| 6:33 | Build | Barracks |
| 7:21 | Build | House |
| 7:40 | Research | Feudal Age |
| 7:45 | Build | Mining Camp |
| 9:35 | Queue | Villager (Male) |
| 9:36 | Queue | Villager (Male) |
| 9:50 | Age | Feudal Age |
| 9:52 | Build | Archery Range |
| 9:53 | Queue | Villager (Male) |
| 10:08 | Queue | Villager (Male) |
| 10:08 | Queue | Villager (Male) |
| 10:09 | Queue | Villager (Male) |
| 10:17 | Research | Horse Collar |
| 10:19 | Research | Double-Bit Axe |
| 10:26 | Queue | Villager (Male) |
| 10:33 | Queue | Archer |
| 10:34 | Queue | Archer |
| 10:35 | Build | Blacksmith |
| 10:58 | Research | Loom |
| 11:03 | Build | House |
| 11:05 | Queue | Villager (Male) |
| 11:13 | Queue | Villager (Male) |
| 11:18 | Queue | Archer |
| 11:20 | Research | Fletching |
| 11:33 | Build | Archery Range |
| 11:50 | Queue | Villager (Male) |
| 12:06 | Queue | Villager (Male) |
| 12:20 | Queue | Archer |
| 12:29 | Queue | Villager (Male) |
| 12:42 | Queue | Archer |
| 12:56 | Queue | Villager (Male) |
| 12:56 | Queue | Villager (Male) |
| 12:58 | Queue | Archer |
| 12:58 | Queue | Archer |
| 13:20 | Build | House |
| 13:22 | Build | House |
| 13:30 | Queue | Archer |
| 13:31 | Queue | Archer |
| 13:32 | Queue | Villager (Male) |
| 13:57 | Queue | Villager (Male) |
| 14:02 | Build | House |
| 14:03 | Build | House |
| 14:03 | Build | House |
| 14:06 | Queue | Villager (Male) |
| 14:26 | Build | Farm |
| 14:35 | Queue | Villager (Male) |
| 14:42 | Queue | Archer |
| 15:06 | Build | Farm |
| 15:07 | Queue | Villager (Male) |
| 15:09 | Queue | Archer |
| 15:09 | Queue | Archer |
| 15:12 | Queue | Archer |
| 15:21 | Build | Farm |
| 15:23 | Build | Farm |
| 15:25 | Build | Farm |
| 15:27 | Build | Farm |
| 15:29 | Build | Farm |
| 15:39 | Queue | Archer |
| 15:39 | Queue | Archer |
| 15:42 | Build | Farm |
| 15:44 | Build | Farm |
| 16:16 | Queue | Villager (Male) |
| 16:19 | Build | Farm |
| 16:50 | Queue | Villager (Male) |
| 16:50 | Queue | Villager (Male) |
| 16:52 | Build | Farm |
| 16:53 | Queue | Archer |
| 16:53 | Queue | Archer |
| 17:20 | Build | Farm |
| 17:20 | Build | Farm |
| 17:20 | Build | Farm |
| 17:21 | Queue | Villager (Male) |
| 17:30 | Queue | Villager (Male) |
| 17:55 | Build | Farm |
| 17:55 | Build | Farm |
| 17:55 | Build | Farm |
| 17:55 | Build | Farm |
| 17:56 | Build | Farm |
| 18:10 | Queue | Archer |
| 18:11 | Queue | Archer |
| 18:12 | Queue | Villager (Male) |
| 18:15 | Build | Farm |
| 18:20 | Research | Castle Age |
| 18:26 | Queue | Archer |
| 18:26 | Queue | Archer |
| 18:52 | Queue | Archer |
| 18:52 | Queue | Archer |
| 18:57 | Research | Gold Mining |
| 19:03 | Build | Archery Range |
| 19:33 | Queue | Villager (Male) |
| 19:43 | Queue | Villager (Male) |
| 19:44 | Queue | Archer |
| 19:44 | Queue | Archer |
| 20:04 | Research | Padded Archer Armor |
| 20:08 | Queue | Archer |
| 20:09 | Queue | Archer |
| 20:10 | Queue | Archer |
| 21:00 | Age | Castle Age |
| 21:04 | Research | Bodkin Arrow |
| 21:05 | Research | Crossbowman (upgrade) |
| 21:08 | Queue | Villager (Male) |
| 21:08 | Queue | Villager (Male) |
| 21:09 | Queue | Villager (Male) |
| 21:10 | Queue | Archer |
| 21:10 | Queue | Archer |
| 21:19 | Queue | Villager (Male) |
| 21:19 | Queue | Villager (Male) |
| 21:23 | Build | Town Center |
| 21:29 | Queue | Archer |
| 21:29 | Queue | Archer |
| 21:36 | Queue | Villager (Male) |
| 21:37 | Queue | Villager (Male) |
| 21:38 | Research | Bow Saw |
Build order — Samara
88 actions detected in the replay
| 0:01 | Queue | Villager (Male) |
| 0:02 | Queue | Villager (Male) |
| 0:04 | Build | House |
| 0:06 | Build | House |
| 0:09 | Queue | Villager (Male) |
| 0:19 | Queue | Villager (Male) |
| 1:26 | Queue | Villager (Male) |
| 1:53 | Queue | Villager (Male) |
| 1:54 | Queue | Villager (Male) |
| 1:57 | Build | Mule Cart |
| 2:22 | Queue | Villager (Male) |
| 2:55 | Queue | Villager (Male) |
| 2:55 | Queue | Villager (Male) |
| 3:19 | Queue | Villager (Male) |
| 3:27 | Build | House |
| 3:41 | Queue | Villager (Male) |
| 4:07 | Queue | Villager (Male) |
| 4:17 | Build | Mill |
| 4:37 | Queue | Villager (Male) |
| 4:59 | Queue | Villager (Male) |
| 5:16 | Queue | Villager (Male) |
| 5:16 | Queue | Villager (Male) |
| 5:22 | Build | House |
| 6:11 | Queue | Villager (Male) |
| 6:25 | Build | Mule Cart |
| 6:35 | Research | Loom |
| 6:52 | Build | Palisade Gate |
| 6:54 | Build | Palisade Gate |
| 7:10 | Queue | Villager (Male) |
| 7:43 | Research | Feudal Age |
| 7:57 | Build | Mule Cart |
| 8:26 | Build | Mule Cart |
| 8:43 | Build | House |
| 9:18 | Build | Palisade Wall |
| 9:20 | Build | Palisade Wall |
| 9:27 | Build | Palisade Wall |
| 9:31 | Build | Palisade Wall |
| 9:34 | Build | Palisade Wall |
| 9:45 | Queue | Villager (Male) |
| 9:53 | Age | Feudal Age |
| 10:21 | Queue | Villager (Male) |
| 10:30 | Build | Market |
| 10:41 | Build | Blacksmith |
| 10:45 | Queue | Villager (Male) |
| 11:11 | Build | House |
| 11:13 | Queue | Villager (Male) |
| 11:41 | Build | House |
| 11:43 | Build | House |
| 11:46 | Queue | Villager (Male) |
| 12:01 | Build | Watch Tower |
| 12:08 | Queue | Villager (Male) |
| 12:13 | Build | House |
| 13:53 | Research | Castle Age |
| 14:57 | Build | House |
| 15:00 | Build | House |
| 15:19 | Research | Gold Mining |
| 16:33 | Age | Castle Age |
| 16:35 | Build | Palisade Wall |
| 16:38 | Build | Palisade Wall |
| 16:39 | Build | Palisade Wall |
| 17:04 | Research | Double-Bit Axe |
| 17:12 | Queue | Villager (Male) |
| 17:13 | Queue | Villager (Male) |
| 17:49 | Queue | Villager (Male) |
| 18:11 | Build | Farm |
| 18:22 | Build | Castle |
| 18:33 | Build | Farm |
| 18:36 | Queue | Villager (Male) |
| 18:40 | Build | Farm |
| 19:27 | Queue | Villager (Male) |
| 19:48 | Build | Palisade Wall |
| 19:53 | Queue | Composite Bowman |
| 19:53 | Queue | Composite Bowman |
| 19:57 | Queue | Villager (Male) |
| 20:16 | Build | Farm |
| 20:19 | Queue | Composite Bowman |
| 20:19 | Queue | Composite Bowman |
| 20:19 | Queue | Composite Bowman |
| 20:20 | Queue | Composite Bowman |
| 20:32 | Build | Town Center |
| 21:09 | Queue | Composite Bowman |
| 21:09 | Queue | Composite Bowman |
| 21:13 | Queue | Villager (Male) |
| 21:14 | Queue | Villager (Male) |
| 21:17 | Build | Farm |
| 21:18 | Build | Farm |
| 21:36 | Research | Fletching |
| 21:36 | Research | Fletching |
Match timeline
| 6:33 | KryptixXL · first_building Barracks |
| 9:18 | Samara · wall_segment Palisade Wall x1 |
| 9:20 | Samara · wall_segment Palisade Wall x1 |
| 9:27 | Samara · wall_segment Palisade Wall x1 |
| 9:31 | Samara · wall_segment Palisade Wall x1 |
| 9:34 | Samara · wall_segment Palisade Wall x1 |
| 9:50 | KryptixXL · age_up feudal |
| 9:52 | KryptixXL · first_building Archery Range |
| 9:53 | Samara · age_up feudal |
| 11:50 | Samara · first_market_buy 100 food |
| 12:10 | Samara · first_market_sell 100 wood |
| 16:33 | Samara · age_up castle |
| 16:35 | Samara · wall_segment Palisade Wall x1 |
| 16:38 | Samara · wall_segment Palisade Wall x1 |
| 16:39 | Samara · wall_segment Palisade Wall x2 |
| 18:22 | Samara · first_building Castle |
| 19:48 | Samara · wall_segment Palisade Wall x1 |
| 21:00 | KryptixXL · age_up castle |
| 22:12 | Samara · resign |
[ AI ANALYSIS · 1 CREDIT ]
What really happened in this match?
Wolo.gg analyzes every decision: build order, eco, micro, common mistakes by bracket. Personalized analysis on WhatsApp or Discord in 30 seconds.
Civ guide
Portuguese
Perfil
Jugador #15613679